Map: Post-Youth LE

Players

Lambo

  • Race: Zerg Zerg
  • League: Grandmaster
  • Spawn Location: 7:00

LiquidClem (Clem) - Winner!

  • Race: Terran Terran
  • League: Grandmaster
  • Spawn Location: 1:00

VOD

Have the link to the VOD?

Description

Time

  • Played on: June 18, 2024, 10:40 a.m.
  • Length: 11:30
Show
View Real Time Build Order
Export as new Build Order

Lambo Zerg 

Build Orders: Hatch First 

Get SALT Encoding   

  12  0:00  Drone  
  13  0:13  Overlord  
  13  0:17  Drone  
  14  0:32  Drone x2  
  16  0:49  Hatchery  
  15  0:53  Drone  
  16  0:57  Drone  
  16  1:02  Drone  
  18  1:10  Extractor  
  17  1:16  Spawning Pool  
  16  1:20  Drone  
  16  1:23  Drone  
  18  1:28  Drone  
  19  1:40  Drone  
  20  1:51  Drone  
  21  2:02  Queen  
  21  2:03  Queen  
  21  2:04  Zergling x4  
  27  2:13  Overlord  
  27  2:14  Drone  
  27  2:15  Metabolic Boost  
  27  2:31  Drone x2  
  27  2:33  Overlord  
  27  2:36  Drone  
  30  2:42  Queen  
  30  2:44  Drone, Queen  
  32  2:50  Overlord  
  35  2:55  Drone x2  
  37  3:06  Zergling x2  
  37  3:07  Zergling x2  
  37  3:11  Overlord  
  39  3:13  Drone x5  
  44  3:25  Overlord  
  44  3:26  Drone  
  45  3:29  Drone x2  
  45  3:32  Extractor  
  46  3:36  Hatchery  
  46  3:40  Roach Warren  
  44  3:42  Overlord  
  44  3:44  Drone, Extractor  
  44  3:50  Drone x2  
  45  3:57  Drone x4  
  49  4:05  Drone x4  
  49  4:07  Lair  
  53  4:13  Drone  
  54  4:18  Drone  
  54  4:22  Queen, Extractor  
  56  4:24  Drone  
  56  4:30  Drone x6  
  62  4:33  Drone  
  62  4:41  Roach  
  62  4:42  Spore Crawler  
  62  4:43  Spore Crawler  
  62  4:45  Roach  
  64  4:50  Drone  
  64  4:51  Drone  
  64  4:52  Evolution Chamber x2  
  64  4:54  Roach  
  66  5:03  Roach  
  66  5:04  Roach  
  66  5:05  Drone x3  
  66  5:07  Drone x4  
  77  5:09  Overseer  
  77  5:11  Drone  
  77  5:13  Drone  
  79  5:19  Drone  
  80  5:22  Zerg Ground Armor Level 1, Glial Reconstitution  
  80  5:24  Drone x2  
  80  5:26  Zerg Melee Weapons Level 1  
  82  5:28  Infestation Pit  
  82  5:30  Extractor  
  82  5:31  Extractor  
  78  5:36  Drone x5  
  82  5:49  Drone  
  80  5:54  Drone x4  
  81  5:57  Drone  
  82  6:05  Hive  
  82  6:10  Drone  
  82  6:13  Overlord, Baneling Nest  
  82  6:14  Drone  
  82  6:15  Overlord  
  80  6:22  Hatchery  
  80  6:24  Drone x5  
  82  6:31  Overlord  
  82  6:36  Overlord  
  82  6:38  Drone  
  97  6:40  Roach x7  
  97  6:41  Drone  
  98  6:47  Spore Crawler, Overlord  
  98  6:49  Overlord  
  98  6:56  Drone x3  
  98  7:00  Roach x2  
  105  7:01  Ravager  
  105  7:02  Overlord  
  106  7:08  Ravager x2  
  106  7:11  Roach x7  
  123  7:16  Overlord  
  123  7:23  Overlord x2  
  123  7:25  Adrenal Glands  
  123  7:27  Ultralisk Cavern  
  120  7:31  Hatchery  
  120  7:35  Roach x7  
  119  7:42  Infestor  
  121  7:44  Zerg Ground Armor Level 2  
  121  7:45  Zerg Melee Weapons Level 2  
  121  7:47  Drone x3  
  124  7:53  Zergling x12  
  130  7:59  Zergling x2  
  130  8:00  Zergling x2  
  128  8:06  Zergling x18  
  128  8:10  Queen  
  139  8:14  Overlord x2  
  139  8:15  Chitinous Plating  
  139  8:22  Overlord  
  139  8:24  Overlord  
  139  8:25  Overlord  
  139  8:29  Overlord  
  139  8:34  Overlord  
  139  8:35  Ultralisk  
  145  8:41  Ultralisk  
  143  8:49  Ultralisk  
  143  8:54  Ultralisk  
  150  8:56  Viper  
  150  9:02  Drone  
  154  9:06  Zergling x4  
  154  9:08  Ultralisk  
  162  9:12  Zergling x12  
  168  9:20  Ultralisk  
  174  9:27  Zergling x2  
  174  9:28  Zergling x16  
  166  9:36  Zergling x12  
  170  9:43  Zergling x8  
  146  9:48  Ultralisk  
  137  9:54  Overseer  
  137  9:59  Ultralisk  
  129  10:06  Queen, Ultralisk  
  134  10:09  Spore Crawler  
  134  10:13  Ultralisk  
  139  10:16  Queen  
  139  10:20  Zergling x6  
  141  10:23  Ravager  
  142  10:30  Anabolic Synthesis  
  142  10:31  Zergling x2  
  142  10:32  Zergling x12  
  142  10:35  Queen  
  149  10:40  Ultralisk  
  157  10:44  Zergling x6  
  157  10:49  Zergling x2  
  166  10:50  Zergling x10  
  166  10:56  Zergling x14  
  145  11:04  Zergling x8  
  145  11:08  Zergling x2  
Show
View Real Time Build Order
Export as new Build Order

LiquidClem Terran - Winner!

Build Orders: Reaper Expand, Hellion Banshee 

Get SALT Encoding   

  12  0:00  SCV  
  13  0:12  SCV  
  14  0:17  Supply Depot  
  14  0:25  SCV  
  15  0:39  SCV, Barracks  
  16  0:45  Refinery  
  16  0:51  SCV  
  17  1:03  SCV  
  18  1:15  SCV  
  19  1:27  Reaper, Orbital Command  
  20  1:40  Command Center  
  20  1:49  Supply Depot  
  20  1:53  SCV  
  21  1:59  Reaper  
  22  2:05  SCV  
  23  2:17  SCV  
  23  2:22  Factory  
  24  2:29  SCV  
  25  2:41  SCV  
  25  2:42  Barracks Reactor  
  26  2:47  Command Center  
  27  3:01  SCV, Orbital Command  
  27  3:13  SCV  
  27  3:18  Starport  
  28  3:21  Hellion x2, Refinery  
  28  3:25  SCV  
  33  3:28  SCV  
  33  3:29  Barracks Tech Lab  
  34  3:37  SCV  
  34  3:40  SCV  
  36  3:43  Hellion x2  
  39  3:49  SCV  
  39  3:52  SCV  
  41  3:59  Orbital Command  
  41  4:01  SCV  
  42  4:03  Banshee  
  42  4:04  Hellion x2, SCV  
  42  4:08  Marine  
  51  4:14  SCV  
  51  4:15  Cloaking Field, Supply Depot  
  51  4:16  SCV  
  53  4:25  SCV  
  53  4:26  SCV  
  53  4:28  SCV  
  56  4:34  Barracks  
  56  4:35  Barracks Tech Lab, Barracks  
  56  4:37  SCV  
  56  4:38  SCV  
  57  4:39  Factory Reactor  
  57  4:41  SCV  
  58  4:45  Supply Depot  
  58  4:46  Refinery  
  58  4:47  Refinery  
  58  4:49  Banshee  
  58  4:51  SCV  
  63  4:55  Marine, SCV  
  63  4:57  Supply Depot, Orbital Command  
  64  5:05  Engineering Bay x2, SCV  
  66  5:07  SCV  
  66  5:14  Stimpack  
  66  5:17  Barracks  
  66  5:19  SCV  
  66  5:20  SCV  
  68  5:22  Barracks  
  68  5:23  Marine  
  68  5:24  Marine  
  68  5:25  SCV  
  71  5:28  Marine  
  71  5:30  Marine x2  
  71  5:32  SCV  
  71  5:34  SCV  
  76  5:38  SCV  
  76  5:41  Marine x2  
  75  5:44  Starport Reactor  
  75  5:45  SCV, Siege Tank  
  75  5:46  Marine, Supply Depot  
  75  5:48  Marine  
  75  5:49  Marine  
  80  5:51  SCV  
  80  5:56  SCV  
  79  5:58  Supply Depot  
  79  5:59  Marine, SCV  
  79  6:01  Refinery  
  79  6:02  Marine  
  79  6:03  Refinery  
  80  6:06  Marine, Barracks Reactor  
  80  6:07  Marine  
  80  6:08  SCV  
  80  6:10  Barracks Reactor  
  81  6:11  Supply Depot  
  81  6:13  Marine  
  81  6:15  SCV  
  81  6:16  SCV  
  81  6:17  Marine, Siege Tank  
  88  6:20  SCV  
  88  6:22  Medivac x2  
  88  6:24  Supply Depot  
  88  6:25  Marine  
  94  6:28  SCV  
  94  6:29  Terran Infantry Weapons Level 1  
  94  6:30  Terran Infantry Armor Level 1  
  94  6:32  Marine x2  
  96  6:34  Marine  
  96  6:35  Marine, SCV  
  96  6:36  SCV  
  101  6:40  SCV, Supply Depot  
  101  6:45  Factory, Marine x2  
  101  6:47  Marine x2  
  104  6:49  Marine x2  
  104  6:50  Supply Depot  
  104  6:54  Siege Tank, Combat Shield  
  111  6:56  Marine  
  111  6:57  Marine  
  113  7:01  Supply Depot  
  113  7:02  Medivac x2  
  113  7:03  SCV x3  
  113  7:05  Marine  
  113  7:06  Marine  
  122  7:09  Marine x2  
  122  7:11  Marine, Supply Depot  
  122  7:12  Marine  
  122  7:13  Marine  
  127  7:18  Supply Depot  
  127  7:19  Marine, Supply Depot  
  127  7:20  Marine  
  128  7:22  Marine  
  128  7:23  Armory  
  128  7:24  Marine  
  126  7:31  Factory Tech Lab  
  126  7:32  Marine  
  126  7:33  Command Center  
  126  7:34  Siege Tank  
  126  7:36  Marine  
  120  7:37  Marine x2  
  120  7:38  Marine  
  120  7:42  Medivac  
  122  7:45  Marine x2  
  122  7:46  Marine  
  122  7:50  Siege Tank  
  128  7:52  Marauder  
  128  7:53  Marine  
  128  7:54  SCV  
  128  7:55  Sensor Tower, SCV  
  128  7:57  SCV  
  134  8:01  Marine x3  
  136  8:11  Siege Tank  
  136  8:12  Barracks  
  139  8:13  Marine x3, Barracks x2  
  139  8:14  Marine  
  139  8:19  Terran Vehicle And Ship Armor Level 1  
  143  8:22  Concussive Shells, Supply Depot  
  143  8:23  Marine, Marauder  
  143  8:26  Siege Tank  
  149  8:32  Orbital Command  
  149  8:33  Terran Infantry Weapons Level 2, Terran Infantry Armor Level 2  
  149  8:34  Ghost Academy  
  149  8:39  Supply Depot  
  149  8:41  Marine  
  149  8:44  Marine, Siege Tank  
  149  8:47  Marine, Marauder  
  149  8:48  Marine x2  
  156  8:51  Marine  
  156  8:52  Marine x2  
  153  8:57  SCV  
  153  8:59  Marine  
  153  9:00  Siege Tank  
  153  9:02  Sensor Tower, Refinery  
  159  9:05  Barracks Tech Lab  
  159  9:06  Barracks Tech Lab x2  
  159  9:07  Ghost  
  159  9:08  Marine x2  
  162  9:11  SCV x2  
  162  9:13  Marine x2  
  162  9:14  Marine  
  162  9:15  Marine x2  
  169  9:21  Planetary Fortress  
  169  9:23  Ghost  
  170  9:29  Marine x2  
  166  9:32  Marauder  
  166  9:34  Medivac  
  166  9:35  Marine x5  
  166  9:36  Marine  
  175  9:43  Marauder  
  175  9:44  Siege Tank, Medivac  
  169  9:49  Marine x3  
  164  9:56  Marine x3  
  164  9:57  Marine x4  
  155  10:01  Command Center  
  155  10:04  Siege Tank, Medivac  
  152  10:08  Ghost  
  152  10:09  Ghost  
  153  10:14  Ghost  
  153  10:15  Ghost  
  154  10:24  Command Center  
  157  10:28  Siege Tank  
  157  10:30  Marine x4  
  157  10:31  Marine  
  157  10:34  Marine x3  
  165  10:37  Ghost  
  165  10:39  Marauder  
  165  10:41  Siege Tank  
  172  10:43  Marine  
  172  10:44  Marine  
  172  10:45  Viking x2  
  178  10:53  Marine x2  
  178  10:56  Marine  
  180  10:58  Command Center  
  180  10:59  Ghost  
  180  11:03  Marauder  
  184  11:04  Marine  
  184  11:06  Marauder  
  170  11:12  Marine  
  167  11:25  Command Center  
Tags
 
Add a new tag
Caveats
  • Supply blocks, unpowered buildings, or Contaminate may cause inaccurate times.
  • Supply counts are checked every 10 seconds.